Map: Cyber Forest LE

Players

Awers

  • Race: Terran Terran
  • Spawn Location: 5:00

HolyHit - Winner!

  • Race: Protoss Protoss
  • Spawn Location: 11:00

Event: 2019 WCS Spring

VOD

Have the link to the VOD?

Description

Time

  • Played on: May 17, 2019, 8:01 a.m.
  • Length: 11:14

All games in this series

Show
View Real Time Build Order
Export as new Build Order

Awers Terran 

Build Orders: Gas First Reaper Expand, Mech 

Get SALT Encoding   

  12  0:01  SCV  
  13  0:13  SCV  
  14  0:17  Supply Depot  
  14  0:25  SCV  
  14  0:28  Refinery  
  15  0:39  SCV  
  16  0:44  Barracks  
  16  0:51  SCV  
  17  1:03  SCV  
  18  1:15  SCV  
  19  1:31  Orbital Command  
  19  1:32  Reaper  
  20  1:45  Command Center  
  20  1:57  Factory  
  20  1:59  SCV  
  21  2:06  Supply Depot  
  21  2:09  Barracks Reactor  
  21  2:12  SCV  
  22  2:17  Refinery  
  22  2:24  SCV  
  23  2:36  SCV  
  24  2:43  Starport  
  24  2:46  Marine x2  
  24  2:47  Widow Mine  
  24  2:48  SCV  
  29  2:56  Orbital Command  
  29  3:00  SCV  
  30  3:11  Marine, Widow Mine  
  30  3:12  Marine  
  32  3:23  Starport Tech Lab  
  32  3:25  SCV  
  32  3:26  SCV  
  33  3:28  Supply Depot  
  33  3:29  Marine x2  
  33  3:33  Factory Tech Lab  
  35  3:43  SCV x2  
  35  3:47  Refinery  
  37  3:48  Raven, Bunker  
  39  3:56  SCV  
  39  3:57  SCV  
  39  4:00  Siege Tank  
  44  4:03  Marine x2  
  44  4:08  SCV  
  47  4:10  Supply Depot  
  47  4:11  SCV  
  48  4:20  SCV  
  48  4:23  Marine x2  
  51  4:27  SCV  
  52  4:31  Supply Depot  
  52  4:32  Siege Tank  
  52  4:33  Viking  
  52  4:35  SCV  
  58  4:41  SCV, Supply Depot  
  59  4:47  SCV, Factory  
  60  4:54  SCV  
  60  4:56  Factory  
  60  4:59  SCV  
  62  5:01  Supply Depot  
  62  5:06  SCV  
  63  5:09  Siege Tank  
  63  5:12  SCV  
  64  5:19  SCV  
  64  5:25  SCV  
  64  5:31  SCV  
  64  5:33  Viking, Supply Depot  
  67  5:37  SCV  
  67  5:41  Hellion x2  
  72  5:43  Supply Depot  
  72  5:47  Factory  
  72  5:53  SCV x2  
  72  5:56  Infernal Pre-Igniter, Refinery  
  74  6:00  Barracks Reactor  
  74  6:05  SCV  
  74  6:09  Hellion x2  
  79  6:12  SCV  
  80  6:21  Armory  
  80  6:26  SCV  
  80  6:30  Command Center  
  81  6:33  Siege Tank  
  81  6:39  Siege Tank  
  87  6:45  Supply Depot  
  87  6:49  Hellion x2  
  87  6:58  Hellion  
  66  7:04  Hellion  
  66  7:05  Cyclone  
  51  7:23  Cyclone  
  54  7:37  Siege Tank  
  54  7:41  SCV  
  58  7:46  Orbital Command  
  58  7:50  Hellion  
  60  7:55  Hellion  
  62  8:02  Hellion  
  55  8:16  Cyclone  
  55  8:27  Siege Tank  
  54  8:41  Hellion x2  
  54  8:45  SCV  
  54  8:48  SCV  
  58  8:57  Orbital Command  
  58  9:01  Siege Tank  
  61  9:12  SCV  
  62  9:17  Siege Tank  
  65  9:27  Widow Mine x2  
  65  9:28  SCV  
  68  9:33  Refinery  
  68  9:40  SCV  
  68  9:41  SCV  
  68  9:43  Refinery  
  70  9:49  Hellion  
  70  9:56  Siege Tank  
  70  10:08  Supply Depot  
  70  10:09  Supply Depot  
  70  10:19  SCV  
  70  10:20  SCV  
  68  10:26  Hellion, Cyclone  
  67  10:31  SCV  
  67  10:33  Hellion, Cyclone  
Show
View Real Time Build Order
Export as new Build Order

HolyHit Protoss - Winner!

Build Orders: 1 Gate Expand, Dark Templar Rush 

Get SALT Encoding   

  12  0:00  Probe  
  13  0:12  Probe  
  14  0:17  Pylon  
  14  0:23  Probe  
  15  0:32  Probe  
  15  0:37  Gateway  
  15  0:40  Probe  
  16  0:46  Assimilator  
  17  0:51  Probe  
  18  1:03  Probe  
  19  1:15  Probe  
  20  1:23  Nexus  
  20  1:32  Cybernetics Core  
  20  1:35  Probe  
  21  1:43  Assimilator  
  21  1:47  Probe  
  21  1:52  Pylon  
  22  1:58  Probe  
  22  2:00  Adept  
  22  2:08  Probe  
  23  2:12  Warp Gate  
  26  2:20  Twilight Council  
  26  2:23  Stalker  
  26  2:24  Probe  
  26  2:36  Probe x2  
  30  2:48  Probe x2  
  32  2:53  Robotics Facility  
  32  3:00  Probe x2  
  33  3:12  Probe x2  
  35  3:24  Probe x2  
  35  3:25  Dark Shrine  
  37  3:35  Pylon  
  37  3:36  Probe  
  39  3:42  Gateway  
  39  3:45  Gateway  
  39  3:48  Warp Prism  
  40  3:50  Probe x2  
  42  4:00  Stalker  
  42  4:01  Probe  
  42  4:02  Probe  
  45  4:05  Assimilator  
  46  4:10  Assimilator  
  46  4:14  Probe  
  46  4:16  Probe  
  48  4:22  Pylon  
  48  4:25  Gateway  
  48  4:26  Observer  
  48  4:27  Stalker  
  48  4:29  Probe  
  53  4:41  Dark Templar  
  53  4:42  Pylon  
  53  4:43  Probe  
  53  4:44  Charge  
  55  4:46  Shadow Stride  
  55  4:47  Dark Templar  
  57  4:55  Probe  
  58  5:02  Gateway  
  58  5:09  Probe  
  58  5:13  Probe  
  60  5:21  Gateway  
  58  5:23  Gateway  
  58  5:24  Dark Templar x2  
  62  5:31  Zealot x2  
  68  5:36  Warp Prism  
  68  5:39  Pylon  
  68  5:40  Probe x2  
  66  5:53  Zealot x2  
  70  5:59  Dark Templar, Pylon  
  72  6:09  Dark Templar x2  
  76  6:16  Zealot  
  77  6:22  Pylon  
  77  6:24  Pylon  
  77  6:35  Dark Templar x4  
  77  6:40  Dark Templar x4  
  77  6:42  Zealot x2  
  89  6:47  Pylon  
  87  6:59  Zealot  
  79  7:04  Zealot x2  
  69  7:18  Zealot x4  
  71  7:23  Zealot  
  71  7:25  Dark Templar x2  
  77  7:33  Warp Prism  
  77  7:34  Probe x2  
  79  7:38  Dark Templar x3  
  87  7:57  Forge  
  87  7:58  Dark Templar x2  
  91  8:10  Blink  
  81  8:15  Probe x2  
  81  8:17  Nexus  
  83  8:23  Protoss Ground Weapons Level 1  
  83  8:24  Immortal  
  69  8:31  Probe  
  68  8:39  Stalker x2, Probe  
  67  8:47  Probe  
  68  8:52  Stalker x2  
  72  8:56  Probe  
  72  8:57  Stalker  
  72  9:00  Probe  
  76  9:08  Zealot x2  
  80  9:16  Stalker x2  
  84  9:19  Probe x2  
  86  9:29  Probe  
  86  9:30  Zealot x3  
  92  9:32  Probe  
  94  9:39  Dark Templar  
  94  9:42  Zealot  
  98  9:52  Dark Templar x2  
  98  10:01  Zealot x3  
  98  10:03  Zealot  
  106  10:07  Pylon  
  106  10:20  Zealot  
  106  10:27  Zealot  
  106  10:28  Zealot x5  
  110  10:34  Immortal  
  92  10:43  Dark Templar  
  92  10:45  Probe  
  95  10:50  Dark Templar x3  
  101  11:03  Zealot x3  
Tags
 
Add a new tag
Caveats
  • Supply blocks, unpowered buildings, or Contaminate may cause inaccurate times.
  • Supply counts are checked every 10 seconds.